 Dungeon Crawl Stone Soup version 0.18.1-48-g4cf74bf (webtiles) character file.

2029 Derfel the Cudgeler (level 9, -2/57 HPs)
             Began as a Gargoyle Fighter on July 29, 2016.
             Was an Initiate of Okawaru.
             Slain by a hill giant
             ... wielding a +0 giant spiked club
              (13 damage)
             ... on level 6 of the Dungeon.
             The game lasted 00:27:15 (5640 turns).

Derfel the Cudgeler (Gargoyle Fighter)              Turns: 5640, Time: 00:27:15

Health: -2/57      AC: 31    Str: 20    XL:     9   Next: 23%
Magic:  9/9        EV:  4    Int:  9    God:    Okawaru [......]
Gold:   235        SH: 10    Dex: 12    Spells: 0 memorised, 8 levels left

rFire  + . .     SeeInvis .     B - +1 flail (protect)
rCold  x . .     Gourm    .     P - +4 plate armour
rNeg   + . .     Faith    .     c - +0 shield
rPois  ∞         Spirit   .     D - +1 helmet
rElec  +         Dismiss  .     S - +0 cloak
rCorr  .         Reflect  .     (no gloves)
SustAt +         Harm     .     (no boots)
MR     .....                    w - amulet of regeneration
Stlth  ..........               y - ring of sustain attributes
                                o - ring of fire

@: not resistant to hostile enchantments, extremely unstealthy
A: negative energy resistance 1, electricity resistance, unbreathing,
petrification resistance, rot immunity, AC +5
a: Renounce Religion


You were on level 6 of the Dungeon.
You worshipped Okawaru.
Okawaru was noncommittal.
You were not hungry.

You visited 2 branches of the dungeon, and saw 7 of its levels.
You also visited: Sewer.

You collected 235 gold pieces.

Inventory:

Hand Weapons
 a - a +0 flail
 e - a +0 short sword
 B - a +1 flail of protection (weapon)
 E - a +0 blowgun
 H - a cursed -2 hand axe
 I - a +1 dagger of venom
 N - a +0 dire flail
Missiles
 v - 6 steel tomahawks (quivered)
 T - 23 poisoned needles
Armour
 c - a +0 shield (worn)
 x - a +0 cloak
 D - a +1 helmet (worn)
 P - a +4 plate armour (worn)
 S - a +0 cloak (worn)
Jewellery
 o - a ring of fire (left hand)
 w - an amulet of regeneration (around neck)
 y - a ring of sustain attributes (right hand)
 K - an uncursed ring of positive energy
Wands
 A - a wand of flame (19/48)
 M - a wand of iceblast (8/15)
Scrolls
 b - a scroll of identify
 d - 2 scrolls of remove curse
 g - 2 scrolls of amnesia
 j - a scroll of fog {unknown}
 k - 3 scrolls of enchant weapon
 l - 3 scrolls of blinking {unknown}
 n - a scroll of enchant armour
 C - a scroll of fear
 F - a scroll of immolation {unknown}
 O - 2 scrolls of magic mapping
 Q - a scroll of recharging {unknown}
 U - 2 scrolls of teleportation {unknown}
Potions
 h - a potion of flight
 m - a potion of cancellation
 p - 2 potions of resistance
 q - 2 potions of ambrosia
 r - a potion of curing
 t - 4 potions of brilliance
 u - 4 potions of lignification
 z - a potion of agility
 G - a potion of invisibility {unknown}
 L - 2 potions of cure mutation
 R - a potion of berserk rage {unknown}
 V - a potion of might
Miscellaneous
 W - a box of beasts
Comestibles
 f - 6 bread rations
 i - 10 fruits
 s - 2 slices of pizza
 J - 4 meat rations
 X - 3 chunks of flesh


   Skills:
 + Level 7.4 Fighting
 * Level 7.8 Maces & Flails
 + Level 7.1 Armour
 - Level 5.2 Shields


You had 8 spell levels left.
You didn't know any spells.

Dungeon Overview and Level Annotations

Branches:
Dungeon (6/15)             Temple (1/1) D:5

Altars:
Ashenzari
Cheibriados
Dithmenos
Elyvilon
Fedhas
Kikubaaqudgha
Makhleb
Nemelex Xobeh
Okawaru
Qazlal
Ru
Sif Muna
Trog
Xom
Yredelemnul
Zin


Innate Abilities, Weirdness & Mutations

You are resistant to torment.
Your stone body is resilient (AC +5).
You are immune to poison.
You resist negative energy.
You are resistant to electric shocks.
You can survive without breathing.
You are immune to petrification.
You are immune to rotting.


Message History

The hill giant is moderately wounded.
You hit the hill giant but do no damage.
The hill giant is moderately wounded.
The hill giant hits you with a giant spiked club!
Your shield and plate armour prevent you from hitting the hill giant.
The hill giant is moderately wounded.
The hill giant hits you with a giant spiked club.
You sock the hill giant!
The hill giant is heavily wounded.
You block the hill giant's attack.
You hit the hill giant.
The hill giant is severely wounded.
You hit the hill giant but do no damage.
The hill giant is severely wounded.
The hill giant hits you with a giant spiked club!!
* * * LOW HITPOINT WARNING * * *
You hit the hill giant but do no damage.
The hill giant is severely wounded.
The hill giant hits you with a giant spiked club!
You die...

(# **,,,,,,,,,,*** .##
*,...........,** ..#
*,.........!..,** ..#
#####,............,** ..##
*...................#** ...#
*,#.#.#.#.#>#.#.#.#.#.** ...##
*,,..)................,, ....#
#.#.#.#.#.#.#.#.#.#.#.*, ....#
#.....C@..............,,
....##
#.#.#.#.#.#.#.#.#.#.#.*,
.....##
##.#*#*###.............,.
......###..# ##...........##.
#####...#.#* ##...†.....#*.. #
###...# #####......####.#
##..#######.........## *..*
##..#......####.....###.#*
*****#.....#########..#...#..#


You could see a hill giant.

Vanquished Creatures
  Grinder (D:3)
  Sigmund (D:5)
  Eustachio (D:5)
  An orc warrior (D:5)
  2 ogres (D:5)
  A black bear (D:5)
  A centaur (D:6)
  A crocodile (Sewer)
  A giant frog (D:6)
  2 scorpions (D:6)
  A giant frog zombie (D:6)
  3 orc priests
  3 hounds
  A jelly (D:5)
  3 orc wizards
  A centaur skeleton (D:5)
  Terence (D:2)
  4 worker ants
  A hound zombie (D:5)
  Robin (D:2)
  7 gnolls
  10 adders
  A howler monkey skeleton (D:4)
  A shadow imp (D:6)
  3 worms
  2 dart slugs
  6 giant geckos
  29 orcs
  3 ball pythons
  6 giant cockroaches
  25 goblins
  10 hobgoblins
  9 jackals
  14 kobolds
  4 quokkas
  10 bats
  2 giant newts
  5 rats
178 creatures vanquished.

Notes
Turn   | Place    | Note
--------------------------------------------------------------
     0 | D:1      | Derfel the Gargoyle Fighter began the quest for the Orb.
     0 | D:1      | Reached XP level 1. HP: 14/14 MP: 1/1
   260 | D:1      | Reached XP level 2. HP: 19/19 MP: 2/2
  1013 | D:2      | Reached XP level 3. HP: 23/23 MP: 3/3
  1253 | D:2      | Noticed Robin
  1371 | D:2      | Reached XP level 4. HP: 26/29 MP: 4/4
  1382 | D:2      | Killed Robin
  1487 | D:2      | Noticed Terence
  1517 | D:2      | Killed Terence
  1620 | D:2      | Found a faded altar to an unknown god.
  1728 | D:2      | Reached XP level 5. HP: 32/33 MP: 5/5
  2333 | D:3      | Noticed Grinder
  2336 | D:3      | Paralysed by Grinder for 5 turns
  2348 | D:3      | Paralysed by Grinder for 5 turns
  2367 | D:3      | Killed Grinder
  2367 | D:3      | Reached XP level 6. HP: 25/40 MP: 6/6
  2658 | D:3      | Reached skill level 5 in Fighting
  2921 | D:4      | Reached XP level 7. HP: 17/44 MP: 7/7
  2923 | D:4      | Reached skill level 5 in Armour
  2974 | D:5      | Entered Level 5 of the Dungeon
  2991 | D:5      | Reached skill level 5 in Shields
  3207 | D:4      | Found a snail-covered altar of Cheibriados.
  3376 | D:4      | Reached skill level 5 in Maces & Flails
  4051 | D:5      | Noticed Sigmund
  4079 | D:5      | Killed Sigmund
  4079 | D:5      | Reached XP level 8. HP: 40/51 MP: 8/8
  4334 | D:5      | Noticed Eustachio
  4344 | D:5      | Killed Eustachio
  4714 | D:5      | Found a staircase to the Ecumenical Temple.
  4720 | Temple   | Entered the Ecumenical Temple
  4756 | Temple   | Became a worshipper of Warmaster Okawaru
  5053 | D:6      | Found a glowing drain.
  5080 | D:6      | Reached XP level 9. HP: 52/57 MP: 9/9
  5085 | Sewer    | Entered a sewer
  5630 | D:6      | Noticed a hill giant
  5640 | D:6      | Slain by a hill giant

Skill      XL: |  1  2  3  4  5  6  7  8  9 |
---------------+----------------------------+-----
Fighting       | 4 5 6 7 |  7.4
Maces & Flails | 3 4 5 7 |  7.8
Armour         | 4 5 6 7 |  7.1
Shields        | 4 5 |  5.2

Action                   |  1- 3 |  4- 6 |  7- 9 || total
-------------------------+-------+-------+-------++-------
Melee: Flail             |   141 |   262 |   432 ||   835
Throw: Tomahawk          |       |     5 |     3 ||     8
  Use: Potion            |     1 |       |     3 ||     4
       Scroll            |       |     7 |     9 ||    16
  Eat: Chunk             |     2 |     5 |     9 ||    16
       Beef jerky        |       |       |     1 ||     1
Armor: Scale mail        |    99 |    34 |       ||   133
       Chain mail        |       |   156 |    95 ||   251
       Plate armour      |       |       |   262 ||   262
Dodge: Dodged            |    45 |    71 |    89 ||   205
Block: Shield            |   121 |   121 |   254 ||   496
